[Event "13th Palmanova Festival A 2024"]
[Site "Palmanova"]
[Date "2025.01.03"]
[Round "9.1"]
[White "Lumachi, Gabriele"]
[Black "Martinovici, Ilia"]
[Result "0-1"]
[ECO "A04"]
[WhiteElo "2438"]
[BlackElo "2473"]
[Annotator "TA"]
[PlyCount "84"]
[EventDate "2024.12.27"]
[EventCountry "ITA"]
[SourceTitle "playchess.com"]
[Source "ChessBase"]
[SourceQuality "1"]
[TimeControl "6000+30"]

1. Nf3 f5 2. d3 d6 3. e4 e5 4. Nc3 Nc6 5. Be2 Nf6 6. O-O Be7 7. exf5 O-O 8. d4 {[%emt 0:02:59] The position is equal.} Nxd4 9. Nxd4 exd4 10. Qxd4 Bxf5 11. Nd5 Kh8 12. Nxe7 Qxe7 13. Bd3 c5 14. Qc3 Nd5 15. Qb3 Bxd3 16. Qxd3 Nb4 17. Qd1 Qe4 $1 18. f3 $1 Qxc2 {[%emt 0:01:40] Hoping for ...Qg6.} 19. a3 $1 Qxd1 20. Rxd1 Nc2 21. Rb1 Rad8 22. Bg5 Rd7 23. Rd2 Nd4 24. Rbd1 b6 25. Be3 Nf5 26. Bf2 Rf6 ({Black should try} 26... Kg8 $15) 27. g4 $11 Nh6 28. Kg2 Nf7 29. Re1 {[%emt 0:01:21][%cal Re1e8] [#]} h6 30. Rd5 Ng5 31. Re3 Ne6 {[%emt 0:04:48] ...Nf4+ would now be deadly.} 32. Bg3 Nc7 $36 {[%emt 0:00:33][%mdl 2048] Black has some pressure.} 33. Rd2 Kg8 34. Red3 Ne8 35. f4 g6 36. g5 {[%emt 0:00:28] [#] This costs White the game.} (36. h3 $15) 36... Rf5 $1 $19 37. gxh6 Kh7 38. Rd5 Kxh6 39. Rxf5 (39. Kf3 $142) 39... gxf5 40. Bh4 d5 41. Kf3 d4 42. Rg2 Nd6 {[%emt 0:00:00] Weighted Error Value: White=0.15 (very precise) /Black=0.04 (flawless) .  Mistake:       	White=2     	Black=1      Inaccurate:     	White=3     	---        OK:         	White=14    	Black=23     Best:        	---       	Black=4      Strong:       	White=2     	Black=1} 0-1

[Event "13th Palmanova Festival A 2024"]
[Site "Palmanova"]
[Date "2025.01.03"]
[Round "9.2"]
[White "Dobrovoljc, Vid"]
[Black "Domalchuk-Jonasson, Aleksandr"]
[Result "1-0"]
[ECO "C50"]
[WhiteElo "2365"]
[BlackElo "2377"]
[Annotator "TA"]
[PlyCount "139"]
[EventDate "2024.12.27"]
[EventCountry "ITA"]
[SourceTitle "playchess.com"]
[Source "ChessBase"]
[SourceQuality "1"]
[TimeControl "6000+30"]

1. e4 e5 2. Nf3 Nc6 3. Bc4 Bc5 4. d3 d6 5. a4 h6 6. Nc3 Nge7 7. Be3 Bb6 8. h3 O-O 9. Nh4 Be6 10. Bxe6 fxe6 11. Qg4 Rf6 12. Ne2 Kh7 13. Ng3 g6 14. Nf3 Nd4 15. Nxd4 Bxd4 16. Bxd4 exd4 17. f4 e5 18. Ne2 exf4 19. Nxf4 Qc8 20. Qg3 Qd7 21. O-O Raf8 22. h4 a5 23. Rf2 R8f7 24. Raf1 c5 25. Kh2 Kg8 26. b3 Kh7 27. Rf3 Qe8 28. Ne6 Rxf3 29. Rxf3 Nc8 30. Qg4 Nb6 31. Nf4 $2 (31. h5 $1 $18 {is the precise move to win.} Rxf3 32. gxf3) 31... Rf6 $16 32. h5 (32. Kg1 $1 $16) 32... g5 $11 33. Ng6 Nd7 34. g3 Kg7 35. Kg2 (35. Rxf6 Nxf6 36. Qf3 Qf7 37. Kg1) 35... d5 (35... Rxf3 {simplifies} 36. Qxf3 Qf7 37. Qe2 Qe6) 36. Rf5 $1 (36. exd5 $2 Qe2+ 37. Kh3 Rxf3 $19) 36... dxe4 37. dxe4 $2 (37. Rd5 $1 $11 Rf7 38. Qxe4 (38. dxe4 $2 Nf6 $19) 38... Qxe4+ 39. dxe4) 37... Qe6 $19 38. Qf3 c4 $1 39. Rxf6 Qxf6 $2 (39... Nxf6 $19 40. bxc4 (40. e5 $2 Nxh5 41. Qxh5 d3 $19) 40... Qxc4 (40... Qxe4 41. Qxe4 Nxe4 42. Kf3 $17)) 40. Qg4 $1 $11 (40. bxc4 $2 Qxf3+ 41. Kxf3 Kf6 $19) 40... Qc6 (40... Qd6 $11 {remains equal.} 41. Nh4 (41. bxc4 Nf6 $11) 41... Kh8) 41. Ne7 $16 Nf6 42. Nxc6 Nxg4 43. Nxd4 (43. Nxa5 $2 c3 44. b4 (44. Nxb7 $2 d3 $19) 44... Ne3+ 45. Kf3 Nxc2 $19) 43... Kf6 44. Kf3 (44. bxc4 Ne3+ 45. Kf2 Nxc4 $17) 44... Nh2+ 45. Ke2 Ke5 46. Nf5 cxb3 47. cxb3 Ng4 48. Kd3 (48. Kf3 $14 Nh2+ 49. Ke2) 48... Nf2+ $2 (48... b6 $11 {and Black has nothing to worry.}) 49. Kc4 $1 $18 Nxe4 $2 (49... Ng4 50. Kb5 Kxe4) 50. Nxh6 $18 Nxg3 51. Ng4+ $1 Kf5 52. h6 $1 Kg6 {[%emt 0:00:00] [#]} 53. Kb5 $1 Nf5 54. Kxa5 Nxh6 {[%emt 0:00:00] [#]} 55. Nf2 $1 (55. Nxh6 $2 Kxh6 56. b4 g4 $19) 55... Nf7 56. Kb6 Nd8 57. b4 (57. a5 $142 Kf5 58. Kc7) 57... Kf7 58. Kc7 Nc6 59. b5 ({Not} 59. Kxb7 Nxb4 60. Kb6 Ke7 $11) 59... Na5 60. Kb6 Nc4+ 61. Kxb7 Ke6 62. Kc7 Ne3 63. a5 Nd5+ 64. Kc6 Ne7+ 65. Kb7 Kd7 66. a6 Nc8 67. Ne4 g4 68. a7 g3 69. a8=Q (69. a8=B g2 70. Nc5+ Ke7 71. Kxc8 g1=Q $19 (71... g1=R $2 {too greedy.} 72. Bc6 $18)) 69... Nd6+ 70. Nxd6 1-0

[Event "13th Palmanova Festival A 2024"]
[Site "Palmanova"]
[Date "2025.01.03"]
[Round "9.4"]
[White "Hovhannisyan, Mher"]
[Black "Knudsen, Simon"]
[Result "1-0"]
[ECO "B22"]
[WhiteElo "2397"]
[BlackElo "2303"]
[Annotator "TA"]
[PlyCount "53"]
[EventDate "2024.12.27"]
[EventCountry "ITA"]
[SourceTitle "playchess.com"]
[Source "ChessBase"]
[SourceQuality "1"]
[TimeControl "6000+30"]

1. e4 c5 2. c3 e5 3. Nf3 Nc6 4. Bc4 Nf6 5. d3 Be7 6. O-O O-O 7. Re1 Qc7 8. a4 b6 9. Nbd2 Bb7 10. Nf1 Na5 11. Ba2 d5 12. exd5 Nxd5 13. Nxe5 Rad8 ({Better is} 13... Bd6 $11 14. Nc4 Nxc4 15. Bxc4 Rae8) 14. Ng3 Rfe8 15. Nc4 Nc6 (15... Nxc4 $14 16. Bxc4 Bd6) 16. Nf5 Nf4 17. Qg4 $40 {[%emt 0:04:52][%csl Gf5,LRf4,LRg7][%cal Rg4g7][%mdl 128] White attacks with force. White is more active.} Ng6 18. Nxe7+ (18. Bg5 $16) 18... Rxe7 (18... Ncxe7 $14 19. Na3 Ne5) 19. Bg5 $18 Rxe1+ 20. Rxe1 Rf8 (20... Nce7 $16 21. Bxe7 Nxe7) 21. Qg3 (21. h4 $18) 21... Qd7 $2 (21... Qxg3 $16 {was worth a try.} 22. hxg3 (22. fxg3 h6 $16) 22... h6) 22. h4 {[%emt 0:02:30] Black is weak on the dark squares} h5 23. Qd6 Qg4 (23... Bc8 $142 24. Qxg6 fxg6 25. Nxb6+ Qf7 26. Bxf7+ Kxf7) 24. f3 Qc8 {[%emt 0:00:16] [#]} 25. Nxb6 $1 axb6 26. Qxg6 {[%emt 0:00:17][%cal Og5h6] White threatens Bh6! and mate.} Qc7 27. Bf6 {[%emt 0:01:56] Dodges Ne5} 1-0

[Event "13th Palmanova Festival A 2024"]
[Site "Palmanova"]
[Date "2025.01.03"]
[Round "9.5"]
[White "Kalosha, Zhiulien Oleksii"]
[Black "Cina`, Vittorio"]
[Result "1-0"]
[ECO "C54"]
[WhiteElo "2306"]
[BlackElo "2325"]
[Annotator "TA"]
[PlyCount "113"]
[EventDate "2024.12.27"]
[EventCountry "ITA"]
[SourceTitle "playchess.com"]
[Source "ChessBase"]
[SourceQuality "1"]
[TimeControl "6000+30"]

1. e4 e5 2. Nf3 Nc6 3. Bc4 Bc5 4. c3 Nf6 5. d3 d6 6. O-O O-O 7. Re1 (7. b4 $5 Bb6 $8 8. a4 $11) 7... a5 8. h3 h6 9. Nbd2 a4 {[%emt 0:00:27] The position is equal.} 10. Nf1 Ra5 11. d4 Bb6 12. dxe5 Nxe5 13. Nxe5 Rxe5 14. Ng3 Qe8 15. Bd3 a3 16. b3 (16. b4 $5) 16... Qc6 17. Qc2 Rfe8 18. Bf4 (18. Bxa3 d5 19. Bc1 dxe4 $17 (19... Nxe4 20. Bxe4 dxe4 21. Bf4 $15)) 18... R5e7 19. Qd2 Nh7 (19... h5 $11) 20. Kh2 Ng5 21. Rac1 Nh7 22. b4 Nf8 23. Qe2 {[%emt 0:01:32] Black must now prevent Bb5.} Qd7 24. Nf5 Re6 25. c4 {[%emt 0:05:33] White is much more active.} Ng6 26. Bg3 (26. Bd2 $1 $16) 26... c6 (26... Ne7 $1 $14 27. Qd2 Nxf5 28. exf5 Rxe1 29. Rxe1 Rd8) 27. Red1 $16 Bc7 (27... Ne7 $16 {was necessary.} 28. Nxd6 Rxd6) 28. Bb1 $18 Qd8 29. Qd3 $2 (29. Qf3 $18) 29... Rxe4 $14 30. Nxd6 Bxd6 31. Bxd6 Re2 32. Qxa3 Rxf2 {[%emt 0:04:39] aiming for ...Ree2.} 33. Bg3 Rd2 34. Rxd2 Qxd2 35. Qc3 $36 {[%emt 0:00:03][%mdl 2048] White has the initiative.} Qg5 (35... Qxc3 {simplifies} 36. Rxc3 f5 37. Ra3 Kf7) 36. Re1 {[%emt 0:00:55] Against Re3} Rxe1 (36... Rd8 $11) 37. Qxe1 Be6 38. Qe2 ({White should play} 38. b5 $14) 38... h5 39. a4 h4 40. Bd6 Qf6 41. c5 $1 Bd5 42. Be4 (42. Bc2 $16) 42... Qe6 $2 {[%emt 0:00:00] [#]} (42... Nf4 $11 43. Qe1 Bxe4 44. Qxe4 Ne6) 43. Bf3 $1 $16 {[%emt 0:00:00] A strong pair of Bishops.} Qxe2 44. Bxe2 Nf8 45. Bxf8 (45. b5 $18 {Threatens to win with b6.} cxb5 46. axb5) 45... Kxf8 $18 {[%emt 0:00:00][%mdl 4096] Endgame. KB-KB} 46. Bg4 Be6 {[%emt 0:00:00][%mdl 8192] This costs Black the game.} (46... Ke7 $11) 47. Bxe6 fxe6 {[%emt 0:00:00] KP-KP} 48. b5 {[%emt 0:00:00] Threatening mate with bxc6.} cxb5 {[%emt 0:00:00] [#]} 49. c6 $1 {[%emt 0:00:00] White mates.} (49. axb5 Ke7 50. g3 e5 (50... g5 $2 51. gxh4 gxh4 52. Kg2 $18) 51. gxh4 Ke6 $19) 49... bxc6 50. a5 Ke7 51. a6 Kd6 52. a7 Kd5 53. a8=Q (53. a8=B $2 {loses.} b4 54. Bb7 b3 $19) 53... b4 54. Qd8+ Kc4 55. Qxh4+ Kb5 56. Kg1 c5 57. Kf2 {[%emt 0:00:00] Weighted Error Value: White=0.17 (very precise) /Black=0.29 (precise) .  Loses game:     	---       	Black=1      Mistake:       	White=5     	Black=5      Inaccurate:     	White=1     	Black=4      OK:         	White=15    	Black=12     Best:        	White=2     	Black=2      Strong:       	White=2     	---} 1-0

[Event "13th Palmanova Festival A 2024"]
[Site "Palmanova"]
[Date "2025.01.03"]
[Round "9.6"]
[White "Marn, Jan"]
[Black "Reza, Wojciech"]
[Result "0-1"]
[ECO "C41"]
[WhiteElo "2400"]
[BlackElo "2227"]
[Annotator "TA"]
[PlyCount "145"]
[EventDate "2024.12.27"]
[EventCountry "ITA"]
[SourceTitle "playchess.com"]
[Source "ChessBase"]
[SourceQuality "1"]
[TimeControl "6000+30"]

1. d4 d6 2. e4 Nf6 3. Nc3 e5 4. Nf3 Nbd7 5. Bc4 h6 6. h3 Be7 7. Be3 c6 8. a4 O-O 9. dxe5 dxe5 10. Qe2 Qc7 11. Nh4 Nc5 12. Qf3 Be6 13. Bxe6 Nxe6 14. Nf5 Rfd8 15. O-O Nd4 16. Bxd4 exd4 17. Ne2 c5 18. Neg3 Qe5 19. Nh5 Nxh5 20. Qxh5 Qe6 21. f4 Bf8 22. Qf3 Rac8 23. Kh1 c4 24. Rad1 Qb6 25. Qg4 Rc6 26. b3 cxb3 27. cxb3 d3 $1 (27... Qxb3 28. Nxd4 (28. Rxd4 $2 Rxd4 29. Nxd4 Qc4 $19) 28... Qxa4 29. Nxc6 Rxd1 30. Rxd1 $18 (30. Qxd1 Qxc6 31. e5 b5 $16)) 28. Qh4 d2 29. Kh2 Rd3 30. Rf2 $2 (30. a5 Qxa5 (30... Qxb3 $2 31. Qf2 $19) 31. Ne7+ Bxe7 32. Qxe7) 30... Qb4 (30... Rxb3 31. Rfxd2 Bc5 32. a5 $18) 31. Qg4 Qc3 (31... Rxb3 32. Rfxd2 Rg6 33. Qe2 $11) (31... Qxe4 32. Rdxd2 Rxd2 (32... Rxb3 $2 33. Rd8 $18) 33. Rxd2 $19) (31... g6 $142 32. Ng3 Rcc3 (32... Qxb3 33. Rfxd2 Rxd2 34. Rxd2 $11)) 32. e5 (32. h4 $142) 32... Rg6 (32... Qxb3 33. Rfxd2 Rxd2 34. Rxd2 $11) 33. Qe2 Bb4 $1 (33... Qxb3 34. Rxd2 Rxd2 35. Qxd2 $15) 34. Nh4 $2 (34. h4 {is more resistant.}) 34... Re3 $19 35. Qh5 Rxh3+ 36. gxh3 Qg3+ 37. Kh1 Qxf2 38. Nxg6 fxg6 39. Qg4 h5 40. Qg2 Qxf4 41. Qd5+ Kh7 42. Kg2 Qe3 43. Qc4 Qxe5 44. Kf3 a5 45. Qe4 Qh2 46. Qh4 Qc7 47. Qe4 Qf7+ 48. Ke2 Qxb3 49. Rg1 Qf7 (49... Qxa4 50. Qxg6+ Kh8 51. Qxg7#) 50. h4 Qf6 51. Rg5 Kh6 52. Qe3 {[%emt 0:00:00] [#]} d1=Q+ $2 (52... Qa6+ $1 $19 53. Rb5+ Kh7) 53. Kxd1 $11 Qa1+ 54. Ke2 $2 (54. Kc2 $1 $11 {and White has nothing to worry.} Qa2+ (54... Qxa4+ 55. Kb2 $17) 55. Kc1 Ba3+ (55... Qxa4 56. Rxh5+ Kxh5 57. Qg5#) 56. Kd1 Qa1+ 57. Ke2) 54... Qe1+ $19 (54... Qxa4 55. Rxh5+ Kxh5 56. Qg5#) 55. Kd3 {[%emt 0:00:00] [#]} (55. Kf3 $142 Qf1+ (55... Qxh4 $2 56. Rg4+ g5 57. Rxh4 $18) 56. Ke4) 55... Qc3+ $2 (55... Qxh4 $2 56. Rg4+ (56. Rxa5+ Kh7 $17) 56... Kh7 57. Rxh4 $18) ({Black should try} 55... Qd1+ $1 $19 56. Ke4 Kh7 (56... Qxa4 57. Rxh5+ Kxh5 58. Qg5#)) 56. Ke2 $1 $11 Qe1+ $2 (56... Qc2+ $11 57. Kf3 Kh7 (57... Qxa4 58. Rxh5+ Kxh5 59. Qg5#)) 57. Kd3 $19 {[%emt 0:00:00] [#]} Qxe3+ $2 (57... Qxh4 $2 {is the wrong capture.} 58. Rg4+ (58. Rxa5+ Kh7 $17) 58... Kh7 59. Rxh4 $18) (57... Qd1+ $1 $19 58. Ke4 Kh7 (58... Qxa4 59. Rxh5+ Kxh5 60. Qg5#)) 58. Kxe3 $11 b6 59. Rb5 Be7 60. Ke2 Bc5 61. Kf3 g5 62. hxg5+ $1 Kxg5 63. Rb1 Kf5 64. Rd1 Ke5 65. Rd7 g6 66. Rg7 Kf6 67. Rh7 Kf5 68. Rf7+ Kg5 69. Rd7 Kf6 70. Rh7 Be7 71. Ke4 Bf8 72. Rh8 $2 (72. Rb7 $11) 72... Kg7 73. Kd4 0-1

[Event "13th Palmanova Festival A 2024"]
[Site "Palmanova"]
[Date "2025.01.03"]
[Round "9.7"]
[White "Di Benedetto, Edoardo"]
[Black "Stankovic, Milos"]
[Result "1/2-1/2"]
[ECO "E15"]
[WhiteElo "2411"]
[BlackElo "2462"]
[Annotator "TA"]
[PlyCount "21"]
[EventDate "2024.12.27"]
[EventCountry "ITA"]
[SourceTitle "playchess.com"]
[Source "ChessBase"]
[SourceQuality "1"]
[TimeControl "6000+30"]

1. d4 Nf6 2. c4 e6 3. Nf3 b6 4. g3 Ba6 5. b3 Bb4+ 6. Bd2 Be7 7. Bg2 c6 8. O-O d5 9. Qc2 O-O 10. Bf4 Nh5 11. Bc1 1/2-1/2

[Event "13th Palmanova Festival A 2024"]
[Site "Palmanova"]
[Date "2025.01.03"]
[Round "9.8"]
[White "Skawinski, Arkadiusz"]
[Black "Gkoumas, Georgios"]
[Result "1/2-1/2"]
[ECO "B31"]
[WhiteElo "2330"]
[BlackElo "2449"]
[Annotator "TA"]
[PlyCount "33"]
[EventDate "2024.12.27"]
[EventCountry "ITA"]
[SourceTitle "playchess.com"]
[Source "ChessBase"]
[SourceQuality "1"]
[TimeControl "6000+30"]

1. e4 c5 2. Nf3 Nc6 3. Bb5 g6 4. Bxc6 dxc6 5. d3 Bg7 6. O-O Nf6 7. Nc3 Bg4 8. h3 Bxf3 9. Qxf3 O-O 10. Be3 Qd6 11. Rad1 e5 12. g4 Nd7 13. Kh1 Rad8 14. Qg3 c4 15. a3 (15. Bxa7 $2 b6 16. d4 (16. dxc4 $2 Qc7 $19) 16... Qc7 $19) 15... cxd3 16. Rxd3 Qc7 17. Rfd1 (17. Bxa7 $2 {perishes.} b6 18. Bxb6 Nxb6 $19) 1/2-1/2

[Event "13th Palmanova Festival A 2024"]
[Site "Palmanova"]
[Date "2025.01.03"]
[Round "9.9"]
[White "Savanovic, Aleksandar"]
[Black "Pegno, Mattia"]
[Result "1/2-1/2"]
[ECO "B85"]
[WhiteElo "2354"]
[BlackElo "2243"]
[Annotator "TA"]
[PlyCount "47"]
[EventDate "2024.12.27"]
[EventCountry "ITA"]
[SourceTitle "playchess.com"]
[Source "ChessBase"]
[SourceQuality "1"]
[TimeControl "6000+30"]

1. e4 c5 2. Nf3 e6 3. d4 cxd4 4. Nxd4 Nc6 5. Nc3 Qc7 6. Be2 a6 7. O-O Nf6 8. Be3 d6 9. f4 Bd7 10. a4 Be7 11. Kh1 O-O 12. Qe1 Nxd4 13. Bxd4 Bc6 14. Qg3 g6 15. f5 e5 (15... Bxe4 $2 16. fxe6 (16. Bxf6 Bxg2+ 17. Qxg2 Bxf6 $18) 16... fxe6 17. Bxf6 Bxg2+ 18. Qxg2 $18) 16. Be3 Bxe4 {[%emt 0:03:06] [#]} (16... Nxe4 17. Nxe4 Bxe4 18. Bd3 Bxd3 19. cxd3 $15) (16... Kh8 $14) 17. Bh6 (17. fxg6 $1 $18 Bxg6 (17... Bxc2 $2 18. Rxf6 Bxf6 19. Nd5 $18) (17... hxg6 $2 18. Bg5 $18) 18. Rxf6 Bxf6 19. Nd5 Qxc2 (19... Qd8 $2 20. Bb6 $18) 20. Nxf6+ Kh8 21. Re1) 17... Bc6 $11 18. Bxf8 Rxf8 19. Rae1 d5 {[%emt 0:07:32][%mdl 1024] Black has compensation.} 20. Bf3 ({Better is} 20. fxg6 $15 fxg6 21. a5) 20... Bd6 $17 21. Qh4 Be7 22. Qg3 $1 Bd6 23. Qh4 Be7 (23... Kg7 $17 {Threatens to win with ...h6.} 24. Ne2 e4 (24... gxf5 $2 {too greedy.} 25. Qg5+ Kh8 26. Qxf6+ $18)) 24. Qg3 $1 1/2-1/2

[Event "13th Palmanova Festival A 2024"]
[Site "Palmanova"]
[Date "2025.01.03"]
[Round "9.10"]
[White "Javornik, Nik"]
[Black "Adharsh K"]
[Result "0-1"]
[ECO "B67"]
[WhiteElo "2300"]
[BlackElo "2235"]
[Annotator "TA"]
[PlyCount "78"]
[EventDate "2024.12.27"]
[EventCountry "ITA"]
[SourceTitle "playchess.com"]
[Source "ChessBase"]
[SourceQuality "1"]
[TimeControl "6000+30"]

1. e4 c5 2. Nf3 Nc6 3. d4 cxd4 4. Nxd4 Nf6 5. Nc3 d6 6. Bg5 e6 7. Qd2 Be7 8. O-O-O a6 9. f3 Nxd4 10. Qxd4 Bd7 11. h4 h6 12. Be3 b5 13. Kb1 Qa5 ({Better is} 13... h5 $11) 14. g4 b4 15. Ne2 e5 $1 16. Qb6 Qxb6 17. Bxb6 Be6 18. Ng3 g6 {[%emt 0:04:14] Inhibits Nf5.} 19. Be2 (19. h5 $16) 19... Kd7 (19... a5 $11) 20. Be3 (20. Ba5 $16) 20... Kc6 21. h5 g5 (21... gxh5 $11 22. Nxh5 Nxh5 23. Rxh5 Bg5 24. Bxg5 hxg5) 22. c4 bxc3 23. Rc1 Kd7 24. Rxc3 (24. bxc3 d5 $15) 24... d5 25. Rcc1 d4 26. Bd2 (26. Rhd1 {seems wilder.} Rhb8 27. Nf5 Ba3 28. Rc2) 26... Rhb8 27. Rc2 Ne8 (27... a5 $11) 28. Rhc1 (28. Nf5 $14) 28... Ra7 (28... a5 $1 $11 {keeps the balance.}) 29. Ka1 ({White should play} 29. Nf5 $16) 29... Nd6 (29... a5 $11) 30. Rc6 (30. Nf5 $16) 30... a5 $11 31. Bd3 Rab7 32. b3 {[%emt 0:02:14] [#]} Bxb3 $1 33. Bxa5 (33. axb3 $2 {perishes.} Rxb3 34. Rc7+ Kd8 $17) 33... Bc4 {[%emt 0:04:57] Some like it hot} 34. R6xc4 $2 (34. Bxc4 $11 {and White has nothing to worry.} Kxc6 35. Bd5+ Kd7 36. Bc6+ Ke6 37. Bxb7 Rxb7 38. Nf5) 34... Nxc4 $40 {[%emt 0:00:04][%mdl 128] White is in trouble.} 35. Rxc4 $2 {[%emt 0:02:15] [#]} (35. Bxc4 Ba3 36. Rd1 Bb2+ 37. Kb1 Bc3+ 38. Bb3 Bxa5 39. Nf5) 35... Ba3 $1 {[%emt 0:00:30][%cal Ob7b1] ( -> ...Rb1+!)} 36. Bd2 Bb2+ $2 (36... Rb1+ $1 {mates} 37. Bxb1 Bb2#) 37. Kb1 $11 {[%emt 0:00:01] Strongly threatening Kc2.} Ba3+ 38. Ka1 $2 {[%emt 0:01:30][%mdl 8192] [#]} (38. Kc2 $11 Rb1 39. Be2) 38... Rb1+ $3 39. Bxb1 Bb2# 0-1

[Event "13th Palmanova Festival A 2024"]
[Site "Palmanova"]
[Date "2025.01.03"]
[Round "9.11"]
[White "Weidenhoefer, Max"]
[Black "Bouska, Jiri"]
[Result "1/2-1/2"]
[ECO "B60"]
[WhiteElo "1987"]
[BlackElo "2267"]
[Annotator "TA"]
[PlyCount "91"]
[EventDate "2024.12.27"]
[EventCountry "ITA"]
[SourceTitle "playchess.com"]
[Source "ChessBase"]
[SourceQuality "1"]
[TimeControl "6000+30"]

1. e4 c5 2. Nf3 d6 3. d4 cxd4 4. Nxd4 Nf6 5. Nc3 Nc6 6. Bg5 Bd7 7. Nxc6 bxc6 8. Bc4 Qa5 9. Bd2 Qb6 10. Bb3 e6 11. Qe2 Be7 12. O-O O-O 13. e5 (13. Na4 $11 Qc7 14. c4) 13... dxe5 $15 14. Qxe5 c5 15. Qe2 Bc6 16. Rad1 h6 17. Bf4 Bb7 18. Na4 Qc6 19. f3 {[%emt 0:02:57][%cal Bf2f3,Bf3f4][%mdl 32] Active counter play!} Nd7 20. c4 Bf6 21. Be3 Qc7 22. Bc2 Be5 (22... Bc6 $11) 23. f4 $40 {[%emt 0:04:32][%mdl 128] White has strong attack.} Bd4 24. Bxd4 cxd4 25. Rxd4 Nf6 ({Black should try} 25... Rfe8) 26. b4 Rad8 27. Rfd1 Rxd4 28. Rxd4 Re8 29. Nc5 Qb6 {[%emt 0:04:46] Black is weak on the light squares} 30. Qd2 Ba8 31. Kh1 a5 {[%emt 0:03:45] [#]} 32. a3 $1 (32. bxa5 $2 Qxc5 33. Rd8 Qxc4 34. Rxe8+ Nxe8 $19) 32... axb4 33. axb4 g6 (33... Qb8 $16 {was called for.} 34. b5 e5) 34. Rd6 Qc7 35. Qd4 Qe7 {[%emt 0:00:48] [#]} 36. Ba4 (36. Kg1 $1 $18) 36... Rb8 $16 {[%emt 0:00:31][%cal Oa8d5] Hoping for ...Bd5!.} 37. b5 ({Better is} 37. h3 $16) 37... Ng4 $11 {[%emt 0:00:10] ( -> ...Qh4)} (37... Bd5 $5 38. Ra6 $8 Rd8 39. cxd5 Rxd5 $11) 38. Bd1 $1 Qh4 39. Bxg4 Qxg4 40. Rd8+ Rxd8 41. Qxd8+ {[%emt 0:00:00] KQB-KQN. White is a pawn up.} Kh7 (41... Kg7 $5 42. Qd2 $8 (42. Qxa8 $2 Qd1#) 42... Qf5 43. Qb2+ Kh7 $11) 42. Qd2 (42. Qxa8 $2 Qd1#) 42... Bxg2+ 43. Qxg2 Qd1+ 44. Qg1 Qf3+ 45. Qg2 Qd1+ 46. Qg1 1/2-1/2

[Event "13th Palmanova Festival A 2024"]
[Site "Palmanova"]
[Date "2025.01.03"]
[Round "9.12"]
[White "Skrbec, Leon"]
[Black "Maglioni, Leonardo"]
[Result "1-0"]
[ECO "A48"]
[WhiteElo "2265"]
[BlackElo "1971"]
[Annotator "TA"]
[PlyCount "103"]
[EventDate "2024.12.27"]
[EventCountry "ITA"]
[SourceTitle "playchess.com"]
[Source "ChessBase"]
[SourceQuality "1"]
[TimeControl "6000+30"]

1. d4 Nf6 2. Nf3 g6 3. Bg5 Ne4 4. Bf4 Bg7 5. Nbd2 d5 6. c3 c5 7. e3 Nxd2 8. Qxd2 cxd4 9. exd4 O-O 10. Bh6 Qb6 11. Bxg7 (11. O-O-O Bf5 12. Rg1 Qa5 13. Bxg7 Kxg7 14. Nh4) 11... Kxg7 12. Be2 (12. Bd3 {keeps more tension.} Qf6 13. h4 h5 14. Qg5) 12... Nd7 13. O-O Nf6 14. Bd3 Bd7 15. Rfe1 Rfe8 16. Ne5 Bb5 17. Bc2 a5 18. a4 Ba6 (18... Bc6 $16 19. Bd3 e6) 19. h4 (19. Re3 $18) 19... Qxb2 $16 {[%emt 0:06:20] White must now prevent ...Rac8.} 20. Rab1 (20. Nxf7 Ne4 21. Qh6+ (21. Bxe4 $2 Qxd2 22. Bxd5 e6 $19) 21... Kxf7 $14) 20... Qa3 21. Re3 Qd6 22. Rf3 Rf8 23. h5 Ne4 (23... Nxh5 $16 24. g4 Nf6) 24. Bxe4 $1 $18 dxe4 25. Rh3 $1 (25. Nxf7 Rxf7 26. Rxf7+ Kxf7 $19) 25... Rh8 26. h6+ {[%emt 0:01:05][%mdl 1024] White has strong compensation.} Kg8 27. Re3 f6 28. Qa2+ e6 {[%emt 0:00:14] [#]} 29. Ng4 $1 {[%emt 0:02:22] White is much more active.} Kf7 30. Rxe4 Rac8 31. Qd2 Rhd8 ({Black should try} 31... Rhe8) 32. Rf4 $16 f5 33. Qe3 Kg8 34. Ne5 Rc7 35. Qg3 Kh8 (35... b6 $14) 36. Rf3 $18 {[%emt 0:02:48][%cal Oc3c4] Black must now prevent c4!.} Kg8 {[%emt 0:02:28] [#]} 37. Re3 $1 $36 {[%emt 0:01:30][%mdl 2048] Keeping Black busy.} Rdc8 38. Rbe1 ({White should play} 38. Qf4) 38... Re8 (38... b6 $16 {was necessary.} 39. Qg5 Rf8 40. Nxg6 hxg6 41. Rxe6 Qd8 42. Qxg6+ (42. Rxg6+ Kh8 $16) 42... Kh8) 39. Qf4 {[%emt 0:00:17][%cal Od4d5] Black is weak on the dark squares} Bc4 {[%emt 0:00:45] [#]} 40. Nxg6 $1 Qxf4 41. Nxf4 Rce7 42. Re5 b5 43. Rc5 Bb3 44. Rxb5 Bxa4 45. Rxa5 Bc6 46. Rae5 Kf7 47. c4 Bd7 48. Nh5 Rc8 49. Ng7 {[%emt 0:00:00] Repels Ree8} Ba4 {[%emt 0:00:00] [#]} 50. Nxf5 $1 Rd7 {[%emt 0:00:00] Prevents Nd6+} 51. Rxe6 Rxc4 52. Nd6+ 1-0